 Dungeon Crawl Stone Soup version 0.23-b1 (webtiles) character file.

Game seed: 11263298914356277708

627 Korosensei the Grave Robber (level 7, 0/55 HPs)
             Began as a Deep Dwarf Necromancer on Jan 30, 2019.
             Slain by a centaur skeleton (3 damage)
             ... on level 6 of the Dungeon.
             The game lasted 00:22:32 (6819 turns).

Korosensei the Grave Robber (DDNe)                  Turns: 6819, Time: 00:22:33

Health: 0/55       AC:  6    Str: 11    XL:     7   Next: 23%
Magic:  10/14      EV:  9    Int: 18    God:
Gold:   280        SH:  0    Dex: 13    Spells: 11/15 levels left

rFire    . . .     SeeInvis .   q - +0 hand axe
rCold    . . .     Gourm    .   (no shield)
rNeg     . . .     Faith    .   x - +0 scale mail
rPois    .         Spirit   .   (no helmet)
rElec    .         Reflect  .   (no cloak)
rCorr    .         Harm     .   (no gloves)
MR       +....                  (no boots)
Stlth    +.........             (no amulet)
HPRegen  0.00/turn              (no ring)
MPRegen  0.14/turn              (no ring)

@: non-regenerating
A: damage resistance, heal wounds, sense surroundings 1, no regeneration
a: Heal Wounds


You were on level 6 of the Dungeon.
You were very hungry.

You visited 1 branch of the dungeon, and saw 6 of its levels.

You collected 280 gold pieces.

Inventory:

Hand Weapons
 q - a +0 hand axe (weapon)
Armour
 a - a +0 robe
 d - a +2 shield
 o - a +0 chain mail
 r - a +0 leather armour
 x - a +0 scale mail (worn)
Jewellery
 k - an uncursed ring of stealth {unknown}
 A - an uncursed amulet of regeneration {unknown}
 C - an uncursed ring of ice {unknown}
Wands
 l - a wand of iceblast (10)
 E - a wand of polymorph (3)
 F - a wand of flame (17)
Scrolls
 b - a scroll of identify
 e - 5 scrolls of remove curse
 g - 3 scrolls of immolation {unknown}
 i - a scroll of amnesia {unknown}
 m - a scroll of magic mapping {unknown}
 s - 3 scrolls of fear {unknown}
 t - a scroll of fog {unknown}
 u - a scroll of enchant armour {unknown}
 v - 3 scrolls of teleportation {unknown}
 y - 2 scrolls of enchant weapon {unknown}
Potions
 f - 2 potions of mutation
 h - 3 potions of haste
 j - a potion of berserk rage
 n - a potion of flight {unknown}
 p - a potion of invisibility
 w - a potion of resistance
 z - a potion of curing {unknown}
 B - a potion of ambrosia {unknown}
 D - 2 potions of degeneration {unknown}
Comestibles
 c - 5 rations
 G - 5 chunks of flesh


   Skills:
 + Level 2.5 Armour
 - Level 2.1 Dodging
 - Level 2.4 Stealth
 + Level 4.6 Spellcasting
 + Level 7.2 Necromancy


You had 11 spell levels left.
You knew the following spells:

 Your Spells              Type           Power        Failure   Level  Hunger
a - Pain                  Necr           ####         4%          1    None
b - Vampiric Draining     Necr           ####......   12%         3    ###....

Your spell library contained the following spells:

 Spells                   Type           Power        Failure   Level  Hunger
 Animate Skeleton         Necr           N/A          4%          1    None
 Animate Dead             Necr           N/A          38%         4    ####...
 Magic Dart               Conj           #...         61%         1    None
 Blink                    Tloc           N/A          75%         2    #......
 Call Imp                 Summ           #.......     75%         2    #......
 Slow                     Hex            #.......     75%         2    #......
 Conjure Flame            Conj/Fire      #.......     93%         3    ###....
 Mephitic Cloud           Conj/Pois/Air  #.......     93%         3    ###....
 Regeneration             Chrm/Necr      Unusable     N/A         3    N/A

Dungeon Overview and Level Annotations

Branches:
Dungeon (6/15)
 Temple: D:4-7

Altars:
Elyvilon
Fedhas
Gozag
Qazlal
Sif Muna
Xom
Yredelemnul

Shops:
D:6 *

Portals:
Sewer: D:6

Annotations:
D:3 exclusion: 2 downstairs
D:4 Menkaure
D:5 1 runed translucent door, exclusion: downstairs, Crazy Yiuf


Innate Abilities, Weirdness & Mutations

You are resistant to damage.
You can heal yourself by infusing magical energy.
You passively map a small area around you.
You do not regenerate.


Message History

* * * LOW HITPOINT WARNING * * *
The centaur skeleton hits you but does no damage.
You hit the centaur skeleton.
The centaur skeleton is moderately damaged.
The centaur skeleton hits you.
* * * LOW HITPOINT WARNING * * *
The centaur skeleton barely misses you.
You hit the centaur skeleton.
The centaur skeleton is heavily damaged.
The centaur skeleton barely misses you.
You enter the shallow water.
Moving in this stuff is going to be slow.
The centaur skeleton hits you but does no damage. x2
The centaur skeleton barely misses you.
The centaur skeleton hits you but does no damage.
The centaur skeleton hits you.
* * * LOW HITPOINT WARNING * * *
There is a stone staircase leading up here.
The centaur skeleton hits you.
You die...

, .. ..Z ....# * *
####.########.# ,
,......#....#.# * * **
#.##.#.....#.# # * *
#.#........#... ,,..
,#≈≈........# * .#.
#≈≈≈(.....## ....
#≈≈≈≈....#.# ...#.
,#≈≈≈≈.Z@.######......
,#∩≈≈≈≈#..÷......#
################# * ,
* * ....... ,, ,
..#####.... *, , ,...
*#..# * , * .# ...# ,,
* *, ... , ..


You could see a centaur skeleton.

Vanquished Creatures
  Duvessa (D:4)
  Dowan (D:4)
  A scorpion (D:5)
  A hound (D:6)
  Ijyb (D:5)
  5 worker ants
  A hound zombie (D:5)
  3 gnolls (D:6)
  8 adders
  3 river rats (D:6)
  A shadow imp (D:6)
  2 dart slugs (D:2)
  A worm (D:3)
  2 leopard geckos
  9 orcs
  2 ball pythons
  2 giant cockroaches (D:1)
  6 goblins
  5 hobgoblins
  5 jackals
  3 quokkas
  9 bats
  6 frilled lizards
  A giant cockroach zombie (D:2)
  4 kobolds
  A leopard gecko skeleton (D:4)
  13 rats
97 creatures vanquished.

Vanquished Creatures (others)
  A quokka (D:4)
1 creature vanquished.

Grand Total: 98 creatures vanquished

Notes
Turn   | Place    | Note
-------+----------+-------------------------------------------
     0 | D:1      | Korosensei the Deep Dwarf Necromancer began the quest for
                  | the Orb.
     0 | D:1      | Reached XP level 1. HP: 15/15 MP: 3/3
   405 | D:1      | Reached XP level 2. HP: 22/22 MP: 1/4
   752 | D:2      | Reached skill level 5 in Necromancy
  1118 | D:2      | Reached XP level 3. HP: 19/28 MP: 4/6
  1123 | D:2      | Learned a level 3 spell: Vampiric Draining
  1731 | D:2      | Found a shimmering altar of Xom.
  1733 | D:2      | Found a deep blue altar of Sif Muna.
  1733 | D:2      | Found a sacrificial altar of Ru.
  1736 | D:2      | Found an opulent altar of Gozag.
  1736 | D:2      | Found a burning altar of Makhleb.
  1736 | D:2      | Found a blossoming altar of Fedhas.
  2283 | D:3      | Reached XP level 4. HP: 30/36 MP: 4/7
  3087 | D:3      | Found a basalt altar of Yredelemnul.
  3613 | D:4      | Noticed Menkaure
  3644 | D:4      | Reached XP level 5. HP: 36/42 MP: 5/9
  3706 | D:4      | Noticed an ogre
  4000 | D:4      | Noticed Duvessa
  4007 | D:4      | Noticed Dowan
  4008 | D:5      | Entered Level 5 of the Dungeon
  4242 | D:5      | Reached skill level 6 in Necromancy
  4268 | D:4      | Found a stormy altar of Qazlal.
  4440 | D:4      | Reached skill level 1 in Armour
  4558 | D:4      | Found a white marble altar of Elyvilon.
  5176 | D:4      | Killed Duvessa
  5176 | D:4      | Reached XP level 6. HP: 35/49 MP: 1/11
  5216 | D:4      | HP: 2/49 [Dowan/+0 dagger (1)]
  5220 | D:4      | Killed Dowan
  5938 | D:5      | Found a runed translucent door.
  5939 | D:5      | Noticed Crazy Yiuf
  5984 | D:5      | Noticed Ijyb
  5994 | D:5      | Killed Ijyb
  6207 | D:6      | Reached skill level 7 in Necromancy
  6207 | D:6      | Reached XP level 7. HP: 15/55 MP: 7/13
  6370 | D:6      | Found Zuunuf's Assorted Antiques.
  6717 | D:6      | Found a glowing drain.
  6819 | D:6      | Slain by a centaur skeleton

Skill      XL: |  1  2  3  4  5  6 |
---------------+-------------------+-----
Spellcasting   | 2 3 4 |  4.6
Necromancy     | 5 6 7 |  7.2
Armour         | 1 2 |  2.5
Dodging        | |  2.1
Stealth        | |  2.4

Action                   |  1- 3 |  4- 6 |  7- 9 || total
-------------------------+-------+-------+-------++-------
Melee: Club              |    16 |     4 |       ||    20
       Hand axe          |       |    30 |    48 ||    78
 Cast: Pain              |    61 |    90 |    15 ||   166
       Vampiric Draining |     8 |    16 |     7 ||    31
  Use: Scroll            |       |     7 |       ||     7
       Potion            |       |     1 |       ||     1
  Eat: Chunk             |     6 |     5 |       ||    11
       Ration            |       |     3 |       ||     3
Armor: Robe              |    14 |     1 |       ||    15
       Leather armour    |       |     3 |       ||     3
       Scale mail        |       |    33 |    18 ||    51
Dodge: Dodged            |    36 |    52 |    28 ||   116
